 Dungeon Crawl Stone Soup version 0.29-a0-323-g050149af67 (webtiles) character file.

Game seed: 14051681604983242600

115 avis the Skirmisher (level 5, -2/47 HPs)
             Began as a Hill Orc Monk on Apr 10, 2022.
             Slain by a black bear (5 damage)
             ... on level 3 of the Dungeon.
             The game lasted 00:08:39 (2504 turns).

avis the Skirmisher (Hill Orc Monk)                 Turns: 2504, Time: 00:08:40

Health: -2/47      AC:  5    Str: 16    XL:     5   Next: 0%
Magic:  5/5        EV: 12    Int: 10    God:
Gold:   71         SH:  0    Dex: 13    Spells: 4/4 levels left

rFire   . . .      SeeInvis .   a - +3 dagger "Duysiusch" {spect, rElec}
rCold   . . .      Faith    .   (no shield)
rNeg    . . .      Spirit   .   m - +0 leather armour
rPois   .          Reflect  .   n - +0 helmet
rElec   +          Harm     .   (no cloak)
rCorr   .          Rampage  .   (no gloves)
Will    +....                   q - +0 pair of boots
Stlth   ++........              (no amulet)
HPRegen 0.15/turn               k - ring of willpower
MPRegen 0.09/turn               c - ring of wizardry

@: no status effects
A: no striking features
a: no special abilities


You were on level 3 of the Dungeon.
You visited 1 branch of the dungeon, and saw 3 of its levels.

You collected 71 gold pieces.

Inventory:

Hand Weapons
 a - the +3 dagger "Duysiusch" (weapon) {spect, rElec}
   (You found it on level 2 of the Dungeon)

   When its wielder attacks, the weapon's spirit leaps out and strikes again.
   The spirit shares a part of any damage it takes with its wielder.
   rElec:     It insulates you from electricity.
 t - a +1 dagger of venom
Missiles
 e - 109 stones (quivered)
 l - 2 silver javelins
Armour
 m - a +0 leather armour (worn)
 n - a +0 helmet (worn)
 p - a +0 robe
 q - a +0 pair of boots (worn)
 r - a +0 chain mail
Jewellery
 c - a ring of wizardry (right hand)
 k - a ring of willpower (left hand)
Scrolls
 g - 2 scrolls of identify {unknown}
 h - a scroll of magic mapping {unknown}
 j - a scroll of holy word {unknown}
 o - a scroll of immolation {unknown}
Potions
 b - a potion of ambrosia
 d - 2 potions of attraction {unknown}
 f - a potion of curing {unknown}
 i - a potion of brilliance {unknown}
 s - 2 potions of lignification {unknown}


   Skills:
 * Level 4.9 Fighting
 + Level 2.9 Dodging
 - Level 2.0 Stealth
 * Level 4.4 Unarmed Combat


You had 4 spell levels left.
You didn't know any spells.
Your spell library was empty.

Dungeon Overview and Level Annotations

Branches:
Dungeon (3/15)

Altars:
Wu Jian

Annotations:
D:2 1 runed translucent door, exclusion: door, Crazy Yiuf


Message History

The black bear closely misses you.
You hit the black bear but do no damage.
The black bear is severely wounded.
The black bear bites you but does no damage.
The black bear claws you but does no damage.
The black bear barely misses you.
You hit the black bear.
The black bear is severely wounded.
The black bear goes berserk!
You closely miss the black bear.
The black bear is severely wounded.
The black bear bites you!
The black bear claws you but does no damage.
The black bear claws you.
You hit the black bear.
The black bear is almost dead.
The black bear bites you. The black bear claws you.
The black bear barely misses you. The black bear closely misses you.
The black bear claws you but does no damage.
The black bear claws you.
* * * LOW HITPOINT WARNING * * *
You hit the black bear but do no damage.
The black bear is severely wounded.
The black bear barely misses you. The black bear completely misses you.
The black bear claws you.
* * * LOW HITPOINT WARNING * * *
You hit the black bear.
The black bear is almost dead.
The black bear bites you.
* * * LOW HITPOINT WARNING * * *
The black bear claws you but does no damage.
The black bear misses you.
The black bear bites you but does no damage.
The black bear claws you but does no damage. x2
You hit the black bear.
The black bear is almost dead.
The black bear bites you!
* * * LOW HITPOINT WARNING * * *
The black bear claws you.
You die...

...........# #.#
#.###..#.##.# #.#
#........##.# #.#
#####....##.# #.#
#.$..##.# #.#
#.#####....##.# #.#
#o....$.#..##.######.#
###########.###.........
.......@h...# ########.#
############# #........#
#.######## #.# #.# #.#
#.# #.# #.########


You could see a black bear (berserk).

Vanquished Creatures
  Terence (D:2)
  Jessica (D:2)
  An adder (D:2)
  A worm (D:2)
  A dart slug (D:2)
  3 ball pythons (D:1)
  7 endoplasms
  2 giant cockroaches (D:2)
  A goblin (D:3)
  3 hobgoblins
  7 jackals
  A quokka (D:2)
  3 bats
  3 frilled lizards
  2 kobolds
  6 rats
43 creatures vanquished.

Notes
Turn   | Place    | Note
-------+----------+-------------------------------------------
     0 | D:1      | avis the Hill Orc Monk began the quest for the Orb.
     0 | D:1      | Reached XP level 1. HP: 19/19 MP: 1/1
   217 | D:1      | Reached XP level 2. HP: 22/27 MP: 2/2
   620 | D:1      | Found a faded altar of an unknown god.
  1232 | D:2      | Noticed Jessica
  1241 | D:2      | Killed Jessica
  1242 | D:2      | Reached XP level 3. HP: 28/34 MP: 3/3
  1321 | D:2      | Found a runed translucent door.
  1322 | D:2      | Noticed Crazy Yiuf
  1431 | D:2      | Identified the +3 dagger "Duysiusch" {spect, rElec}
  1456 | D:2      | Found an ornate altar of the Wu Jian Council.
  1524 | D:2      | Reached XP level 4. HP: 33/41 MP: 4/4
  1610 | D:2      | Noticed Terence
  1646 | D:2      | Killed Terence
  2474 | D:3      | Noticed a black bear
  2492 | D:3      | Reached XP level 5. HP: 45/47 MP: 5/5
  2504 | D:3      | Slain by a black bear

Illustrated notes

Levels and vault maps discovered:
D:1:      wander_arrival_abandoned_jail, layout_basic,
          shapermc_ecumenical_altar_mp_ritualfount
D:2:      layout_basic, basic_altar, uniq_terence, uniq_jessica,
          uniq_crazy_yiuf_cottage
D:3:      layout_basic, lemuel_doored_altar, gup_sewer_entry_glass,
          serial_shops, shop, shop, shop, nicolae_shop_bloodbath_and_beyond,
          uniq_sigmund, uniq_grinder, uniq_ijyb

Skill      XL: |  1  2 |
---------------+-------+-----
Fighting       | 4 |  4.9
Stealth        | 2 |  2.0
Unarmed Combat | 4 |  4.4
Dodging        | |  2.9

Action                   |  1- 3 |  4- 6 || total
-------------------------+-------+-------++-------
Melee: Unarmed           |    77 |       ||    77
       Punch             |     2 |     1 ||     3
       Dagger            |    21 |    70 ||    91
 Stab: Sleeping          |     5 |     3 ||     8
Armor: Robe              |     1 |       ||     1
       Leather armour    |     4 |    28 ||    32
Dodge: Dodged            |    59 |    49 ||   108

Table legend: (Time is in decaauts)
 A = Elapsed time spent in this place.
 B = Non-inter-level travel time spent in this place.
 C = Inter-level travel time spent in this place.
 D = Time resting spent in this place.
 E = Time spent auto-exploring this place.
 F = Levels seen in this place.
 G = Mean time per level.
                   A        B        C        D        E       F      G
               +--------+--------+--------+--------+--------+-----+--------+
         Total |   2500 |   2293 |    207 |    683 |    927 |   3 |  833.3 |
       Dungeon |   2500 |   2293 |    207 |    683 |    927 |   3 |  833.3 |
               +--------+--------+--------+--------+--------+-----+--------+

Top non-repeatable levels by time:
     D:2: 1218 daAuts
     D:1: 1091 daAuts
     D:3: 190 daAuts
